 Dungeon Crawl Stone Soup version 0.31-a0-865-g3d5d91748a (webtiles) character file.

Game seed: 3763857149061373033

4978 D12ThenQuit the Geomancer (level 10, -6/68 HPs)
             Began as an Octopode Artificer on Oct 10, 2023.
             Was a Priest of Vehumet.
             Mangled by a death yak (26 damage)
             ... on level 9 of the Dungeon.
             The game lasted 00:34:19 (8900 turns).

D12ThenQuit the Geomancer (Octopode Artificer)      Turns: 8900, Time: 00:34:19

Health: -6/68      AC:  1    Str: 11    XL:     10   Next: 53%
Magic:  1/17       EV: 13    Int: 18    God:    Vehumet [***...]
Gold:   472        SH:  0    Dex: 13    Spells: 11/18 levels left

rFire   . . .        a - +4 whip (venom)
rCold   . . .        (no shield)
rNeg    . . .        (helmet restricted)
rPois   +            y - amulet of regeneration
rElec   .            q - ring of poison resistance
rCorr   .            (no ring)
SInv    .            (no ring)
Will    .....        (no ring)
Stlth   ++++         (no ring)
HPRegen 1.11/turn    (no ring)
MPRegen 0.15/turn    (no ring)
                     (no ring)

%: no passive effects
@: very slightly contaminated
A: almost no armour, amphibious, 8 rings, camouflage 1, gelatinous body 1,
(nimble swimmer 1), tentacles
a: Renounce Religion


You were on level 9 of the Dungeon.
You worshipped Vehumet.
Vehumet was most pleased with you.
You visited 1 branch of the dungeon, and saw 10 of its levels.
You also visited: Bailey.

You collected 472 gold pieces.

Inventory:

Hand Weapons
 a - a +4 whip of venom (weapon)
 b - a +0 sling
 e - a +0 dagger
 f - a +0 short sword
 o - a +0 club
 p - a +0 dire flail
 E - a +0 vampiric glaive
 F - a +5 flail
Missiles
 x - 18 poisoned darts (quivered)
Armour
 t - an orb of guile
 w - a +1 buckler
Jewellery
 q - a ring of poison resistance (left tentacle)
 y - an amulet of regeneration (around mantle)
Wands
 c - a wand of charming (15)
 d - a wand of iceblast (21)
 h - a wand of paralysis (2)
 n - a wand of flame (17)
 G - a wand of digging (3)
Scrolls
 g - 2 scrolls of noise
 j - a scroll of poison
 k - a scroll of immolation
 l - a scroll of identify
 s - 3 scrolls of enchant weapon
 v - 2 scrolls of amnesia
 A - 2 scrolls of enchant armour
Potions
 i - 2 potions of might
 m - 3 potions of attraction
 r - 2 potions of brilliance {unknown}
 u - 2 potions of magic {unknown}
 z - 2 potions of enlightenment
 B - a potion of mutation {unknown}
 C - a potion of haste {unknown}
 D - a potion of resistance {unknown}


   Skills:
 - Level 6.1 Fighting
 - Level 6.1 Maces & Flails
 - Level 2.3 Dodging
 - Level 5.0 Stealth
 - Level 4.9 Spellcasting
 - Level 4.8 Conjurations
 + Level 2.1 Translocations
 - Level 8.9 Earth Magic
 - Level 3.2 Evocations


You had 11 spell levels left.
You knew the following spells:

 Your Spells              Type           Power      Damage    Failure   Level
a - Sandblast             Erth           72%        2d16      1%          1
b - Iskenderun's Mystic   Conj/Tloc      17%        2d5       9%          4
c - Blink                 Tloc           24%        N/A       9%          2

Your spell library contained the following spells:

 Spells                   Type           Power      Damage    Failure   Level
 Inner Flame              Hex/Fire       4%         N/A       11%         3
 Flame Wave               Conj/Fire      13%        2d6       13%         4
 Sticky Flame             Conj/Fire      13%        2d4       13%         4
 Ozocubu's Armour         Ice            4%         N/A       38%         3
 Manifold Assault         Tloc           12%        N/A       50%         4
 Dispersal                Tloc           6%         N/A       100%        6
 Ozocubu's Refrigeration  Ice            2%         4d7       100%        7
 Disjunction              Tloc           6%         N/A       100%        8


Dungeon Overview and Level Annotations

Branches:
Dungeon (10/15)            Temple (0/1) D:7            Lair (0/5) D:10
    Orc (0/2) D:9          Bailey (visited)

Altars:
Hepliaklqana
Kikubaaqudgha
Makhleb
Okawaru
Vehumet
The Shining One

Shops:
D:4 :   D:5 :

Annotations:
D:2 Sigmund
D:5 Grinder
D:6 2 transporters, BLEEG's ghost, novice OpVM
D:8 exclusion: centaur, Jeremiah; Maggie


Innate Abilities, Weirdness & Mutations

You cannot wear most types of armour.
You are amphibious.
You can wear up to eight rings at the same time.
Your skin changes colour to match your surroundings (Stealth+).
Your rubbery body absorbs attacks. (AC +1, EV +1)
((You are camouflaged when in or above water. (Stealth+)))
You have tentacles for arms and can constrict up to eight enemies at once.


Message History

Confirm with . or Enter, or press ? or * to list all spells.
You erupt in a blast of force!
The mystic blast hits the death yak.
The death yak is lightly wounded.
The death yak is knocked back by the mystic blast.
Casting: Iskenderun's Mystic Blast (dangerous; 9% risk of failure)
Confirm with . or Enter, or press ? or * to list all spells.
Aiming: Sandblast (safe; 1% risk of failure)
Press: ? - help, Shift-Dir - straight line, f - death yak
Aim: a death yak (lightly wounded, 94% to hit)
The blast of sand hits the death yak.
The death yak is lightly wounded.
Casting: Sandblast (safe; 1% risk of failure)
Confirm with . or Enter, or press ? or * to list all spells.
You miscast Iskenderun's Mystic Blast.
You are very lightly contaminated with residual magic.
You are blasted with magical energy!
The death yak barely misses you.
Casting: Iskenderun's Mystic Blast (dangerous; 9% risk of failure)
Confirm with . or Enter, or press ? or * to list all spells.
You erupt in a blast of force!
The mystic blast hits the death yak.
The death yak is lightly wounded.
The death yak gores you!!
Okay, then.
Okay, then.
Unknown command.
Okay, then.
Unknown command.
Aiming: Iceblast
Press: ? - help, Shift-Dir - straight line, p - death yak The mass of ice explodes!
The iceblast engulfs the death yak.
The death yak is lightly wounded.
The death yak gores you!
* * * LOW HITPOINT WARNING * * *
Unknown command.
Unknown command.
Aiming: Iceblast
Press: ? - help, Shift-Dir - straight line The mass of ice explodes!
The iceblast engulfs the death yak!
The death yak is moderately wounded.
The death yak gores you!!
You die...

###'###### ################ ##.##
#.# #.# #... #.### ##.# ###.
#...# #..# ###### #####.## #.##
#..... .......# ##.#### ####....)
.......# #.....#####...)....
.......########.....##....##.....
.......#........@...##.#####.....
.........######.Y......# #.....
.......### #.....#### #...).
.......# ##.#### #####) #.######
#.. #) #.## ###. ###) #..# ##
#... ##.# ##### #############)##
##.#######...# #...#..##.......


You could see a death yak.

Vanquished Creatures
  A two-headed ogre (D:9)
  A gargoyle (Bailey)
  A troll (D:10)
  A hornet (D:9)
  2 wyverns
  A steam dragon (D:8)
  2 water moccasins (D:5)
  2 orc warriors (D:9)
  2 black bears (D:6)
  2 centaurs (D:9)
  A kobold brigand (D:7)
  4 wights (D:9)
  8 killer bees (D:9)
  8 vampire bats (Bailey)
  5 howler monkeys
  5 wolf zombies (Bailey)
  A jelly (D:5)
  7 orc priests
  3 hounds
  7 iguanas
  6 orc wizards
  A sleepcap (D:6)
  Jessica (D:2)
  7 adders
  2 shadow imps (D:5)
  4 white imps
  An ufetubus (D:4)
  2 dart slugs
  75 orcs
  4 endoplasms
  A giant cockroach (D:2)
  5 goblins
  8 hobgoblins
  3 jackals (D:5)
  A quokka (D:4)
  11 ball pythons
  4 frilled lizards
  8 kobolds
  16 orc zombies (Bailey)
  2 rats (D:2)
226 creatures vanquished.

Vanquished Creatures (collateral kills)
  A vampire (Bailey)
1 creature vanquished.

Grand Total: 227 creatures vanquished

Notes
Turn   | Place    | Note
-------+----------+-------------------------------------------
     0 | D:1      | D12ThenQuit the Octopode Artificer began the quest for the
                  | Orb.
     0 | D:1      | Reached XP level 1. HP: 13/13 MP: 1/1
   264 | D:1      | Reached XP level 2. HP: 18/18 MP: 2/2
  1083 | D:2      | Noticed Jessica
  1090 | D:2      | Killed Jessica
  1091 | D:2      | Reached XP level 3. HP: 25/25 MP: 3/3
  1339 | D:2      | Noticed Sigmund
  1369 | D:2      | Reached XP level 4. HP: 21/30 MP: 4/4
  2124 | D:4      | Reached skill level 5 in Stealth
  2124 | D:4      | Reached XP level 5. HP: 33/36 MP: 5/5
  2218 | D:4      | Found Seirphoi's Book Shop.
  2506 | D:5      | Entered Level 5 of the Dungeon
  2603 | D:5      | Reached XP level 6. HP: 9/45 MP: 6/6
  2736 | D:5      | Noticed a water moccasin
  2773 | D:5      | Noticed Grinder
  2775 | D:5      | Paralysed by Grinder for 5 turns
  2787 | D:5      | Found Ebeqaiq's Self-Published Books.
  2903 | D:5      | Reached skill level 5 in Fighting
  3262 | D:5      | Killed a water moccasin
  3263 | D:5      | Reached XP level 7. HP: 52/52 MP: 7/7
  3404 | D:5      | Reached skill level 1 in Maces & Flails
  3651 | D:5      | Found a radiant altar of Vehumet.
  3685 | D:5      | Became a worshipper of Vehumet
  4197 | D:6      | Found an iron altar of Okawaru.
  4210 | D:6      | Found a radiant altar of Vehumet.
  4213 | D:6      | Found an ancient bone altar of Kikubaaqudgha.
  4229 | D:6      | Found a transporter.
  4232 | D:6      | Noticed BLEEG's ghost (novice OpVM)
  4640 | D:6      | Reached skill level 5 in Maces & Flails
  4640 | D:6      | Reached XP level 8. HP: 54/57 MP: 8/8
  4753 | D:6      | Found a glowing golden altar of the Shining One.
  4758 | D:6      | Found a hazy altar of Hepliaklqana.
  4760 | D:6      | Found a transporter.
  5355 | D:7      | Reached * piety under Vehumet
  5355 | D:7      | Offered knowledge of Sandblast by Vehumet.
  5370 | D:7      | Learned a level 1 spell: Sandblast
  5398 | D:7      | Reached skill level 1 in Earth Magic
  5433 | D:7      | Found a staircase to the Ecumenical Temple.
  5509 | D:7      | You fall into a shaft and drop 1 floor!
  5653 | D:8      | Noticed Maggie
  5743 | D:8      | Found a flagged portal.
  5757 | Bailey   | Entered a bailey
  5790 | Bailey   | Reached skill level 2 in Earth Magic
  5830 | Bailey   | Reached skill level 3 in Earth Magic
  5963 | Bailey   | Reached skill level 4 in Earth Magic
  5987 | Bailey   | Reached skill level 5 in Earth Magic
  6013 | Bailey   | Reached XP level 9. HP: 62/62 MP: 9/9
  6057 | Bailey   | Reached ** piety under Vehumet
  6067 | Bailey   | Noticed a gargoyle
  6070 | Bailey   | Killed a gargoyle
  6071 | Bailey   | Reached skill level 6 in Earth Magic
  6170 | Bailey   | Found the +4 skin of Zhor {*Englaciate rC+++ SInv}
  6231 | Bailey   | Offered knowledge of Foxfire by Vehumet.
  6232 | Bailey   | Reached skill level 1 in Spellcasting
  6232 | Bailey   | Reached skill level 7 in Earth Magic
  6524 | D:8      | Found a burning altar of Makhleb.
  6941 | D:8      | Noticed Jeremiah
  7353 | D:9      | Noticed a two-headed ogre
  7439 | D:9      | Reached skill level 8 in Earth Magic
  7538 | D:9      | Offered knowledge of Volatile Blastmotes by Vehumet.
  7595 | D:9      | Noticed a two-headed ogre
  7639 | D:9      | Reached *** piety under Vehumet
  7753 | D:9      | Reached XP level 10. HP: 68/68 MP: 14/16
  8156 | D:9      | Offered knowledge of Iskenderun's Mystic Blast by Vehumet.
  8162 | D:9      | Learned a level 4 spell: Iskenderun's Mystic Blast
  8387 | D:9      | Found a staircase to the Orcish Mines.
  8475 | D:9      | Killed a two-headed ogre
  8614 | D:10     | Entered Level 10 of the Dungeon
  8614 | D:10     | Noticed a death yak
  8614 | D:10     | Noticed a death yak
  8614 | D:10     | Noticed a death yak
  8614 | D:10     | Noticed a death yak
  8614 | D:10     | Noticed a death yak
  8614 | D:10     | Found a staircase to the Lair.
  8615 | D:10     | Noticed a death yak
  8653 | D:9      | Learned a level 2 spell: Blink
  8823 | D:10     | Noticed a death yak
  8823 | D:10     | Noticed a death yak
  8825 | D:10     | Noticed a death yak
  8900 | D:9      | Mangled by a death yak

Illustrated notes

Levels and vault maps discovered:
D:1:      roderic_dead_forest, layout_loops_corners
D:2:      layout_basic, serial_glass, glass_columns_b, glass_columns_c,
          glass_columns_a, chequers_big_river, uniq_jessica, uniq_sigmund
D:3:      layout_rooms, grunt_decor_junction
D:4:      layout_rooms, serial_shops, nicolae_shop_rolling_square
D:5:      layout_loops_ring, nicolae_custom_books, grunt_ministairs_6,
          hangedman_feature_mirror, uniq_grinder
D:6:      layout_basic, nicolae_overflow_hidden_temple,
          gammafunk_ghost_stat_death
D:7:      layout_loops_ring, minmay_temple_entry_slanted
D:8:      layout_loops_corners, mainiacjoe_overflow_boulevard, enter_bailey_6,
          uniq_jeremiah, uniq_maggie
D:9:      layout_roguey [special_room_orc], hiddenorc2_lemuel,
          chequers_serial_rivers_large_b, uniq_maurice
D:10:     layout_irregular_city, dpeg_lair_monsters

Skill      XL: |  1  2  3  4  5  6  7  8  9 10 |
---------------+-------------------------------+-----
Stealth        | 2 3 4 5 |  5.0
Fighting       | 2 3 4 6 |  6.1
Maces & Flails | 5 6 |  6.1
Earth Magic    | 5 8 |  8.9
Spellcasting   | 4 |  4.9
Conjurations   | 4 |  4.8
Translocations | 2 |  2.1
Dodging        | |  2.3
Evocations     | |  3.2

Action                     |  1- 3 |  4- 6 |  7- 9 | 10-12 || total
---------------------------+-------+-------+-------+-------++-------
  Melee: Dagger            |    29 |       |     1 |       ||    30
         Constrict         |    12 |    25 |    72 |     2 ||   111
         Punch             |     1 |     1 |     3 |       ||     5
         Short sword       |    22 |     6 |       |       ||    28
         Tentacles         |     6 |    18 |    70 |     2 ||    96
         Dire flail        |       |    76 |    34 |       ||   110
         Flail             |       |       |   178 |       ||   178
         Whip              |       |       |    73 |    11 ||    84
  Throw: Dart              |       |     7 |     4 |       ||    11
   Cast: Sandblast         |       |       |    24 |    65 ||    89
         Iskenderun's Myst |       |       |       |     3 ||     3
  Evoke: Wand              |       |     3 |    17 |     9 ||    29
    Use: Scroll            |     4 |     5 |     5 |       ||    14
         Potion            |       |     5 |     6 |       ||    11
   Stab: Sleeping          |    10 |     7 |    14 |       ||    31
 Armour: Skin              |    20 |    43 |   196 |    40 ||   299
  Dodge: Dodged            |    30 |    61 |   193 |    25 ||   309

Table legend: (Time is in decaauts)
 A = Elapsed time spent in this place.
 B = Non-inter-level travel time spent in this place.
 C = Inter-level travel time spent in this place.
 D = Time resting spent in this place.
 E = Time spent auto-exploring this place.
 F = Levels seen in this place.
 G = Mean time per level.
                   A        B        C        D        E       F      G
               +--------+--------+--------+--------+--------+-----+--------+
         Total |   8993 |   8479 |    514 |   1109 |   3631 |  11 |  817.5 |
       Dungeon |   8430 |   7916 |    514 |   1028 |   3602 |  10 |  843.0 |
        Bailey |    563 |    563 |      0 |     81 |     29 |   1 |  563.0 |
               +--------+--------+--------+--------+--------+-----+--------+

Top non-repeatable levels by time:
     D:9: 1356 daAuts
     D:8: 1342 daAuts
     D:5: 1256 daAuts
     D:6: 1195 daAuts
     D:1: 1008 daAuts
     D:4: 811 daAuts
  Bailey: 563 daAuts
     D:3: 484 daAuts
     D:2: 481 daAuts
     D:7: 315 daAuts
    D:10: 178 daAuts
